 Dungeon Crawl Stone Soup version 0.17.0-9-g801d43b (console) character file.

104 gw the Skirmisher (level 4, 0/43 HPs)
             Began as a Naga Fighter on Nov 9, 2015.
             Was an Initiate of Makhleb.
             Slain by an adder (3 damage)
             ... on level 3 of the Dungeon.
             The game lasted 00:02:43 (2994 turns).

gw the Skirmisher (Naga Fighter)                    Turns: 2994, Time: 00:02:43

Health: 0/43       AC:  7    Str: 18    XL:     4   Next: 80%
Magic:  4/4        EV:  1    Int:  8    God:    Makhleb [......]
Gold:   156        SH:  9    Dex: 12    Spells: 0 memorised, 3 levels left

rFire  . . .     SeeInvis +     a - +0 flail
rCold  . . .     Clarity  +     g - +0 plate armour
rNeg   . . .     SustAt   .     c - +0 shield
rPois  +         Gourm    .     (no helmet)
rElec  .         Spirit   .     (no cloak)
rCorr  .         Warding  .     (no gloves)
rMut   .         Stasis   .     (no barding)
MR     .....                    b - amulet of clarity
Stlth  ..........               (no ring)
                                (no ring)

@: very slow, not resistant to hostile enchantments, extremely unstealthy
A: see invisible, deformed body, poison resistance, slowness 2, slow metabolism
1, spit poison 2, AC +1
a: Spit Poison, Renounce Religion


You were on level 3 of the Dungeon.
You worshipped Makhleb.
Makhleb was noncommittal.
You were hungry.

You visited 1 branch of the dungeon, and saw 3 of its levels.

You collected 156 gold pieces.

Inventory:

Hand Weapons
 a - a +0 flail (weapon)
Missiles
 d - 108 stones (quivered)
 f - 21 poisoned needles
Armour
 c - a +0 shield (worn)
 g - a +0 plate armour (worn)
Jewellery
 b - an amulet of clarity (around neck)
Comestibles
 e - 2 bread rations


   Skills:
 + Level 3.6 Fighting
 * Level 3.1 Maces & Flails
 + Level 1.0 Throwing
 + Level 2.9 Armour
 + Level 2.8 Shields
 + Level 0.0 Invocations


You had 3 spell levels left.
You didn't know any spells.

Dungeon Overview and Level Annotations

Branches:
Dungeon (3/15)

Altars:
Makhleb

Annotations:
D:3 Citrus's ghost, amateur TrMo


Innate Abilities, Weirdness & Mutations

You cannot wear boots.
Your serpentine skin is tough (AC +1).
You have supernaturally acute eyesight.
Armour fits poorly on your strangely shaped body.
Your system is resistant to poisons.
You cover ground very slowly.
You have a slow metabolism.
You can spit poison.


Message History

Unknown command.
ATTACKING (1,1)
You closely miss the adder.
You feel sick.
You are no longer poisoned.
The adder bites you but does no damage. The adder bites you.
Unknown command.
Unknown command.
Unknown command.
Unknown command.
ATTACKING (1,1)
Your plate armour prevents you from hitting the adder.
You block the adder's attack. The adder bites you.
Unknown command.
Unknown command.
Unknown command.
Unknown command.
ATTACKING (1,1)
Your plate armour prevents you from hitting the adder.
The adder bites you.
You die...

......# .#....# )####### ####
.......# #..##
.#####.####...###
......?.........##########.#
.###.######..........?.....#
.# #.# ###########.######
.###.###### #...N####!########
............+....SW...........
#############...)###...#####.
###.......#.#...#
#...#...#.._....#
#..#...####.#...# #.#....#
#.....# ##.....# ##.$..#
####.....##......


You could see Citrus's ghost and an adder.

Table legend:
 A = Turns spent in this place as a percentage of turns spent in the entire game.
 B = Non-inter-level travel turns spent in this place as a percentage of non-inter-level travel turns spent in the entire game.
 C = Inter-level travel turns spent in this place as a percentage of turns spent in this place.
 D = Turns resting spent in this place as a percentage of non-inter-level travel turns spent in this place.
 E = Turns spent auto-exploring this place as a percentage of non-inter-level travel turns spent in this place.
 F = Non-inter-level travel turns spent in this place divided by the number of levels of this place that you've seen.
                   A       B       C       D       E      F
               +-------+-------+-------+-------+-------+----------------------
         Total | 100.0 | 100.0 |   0.5 |   1.6 |   2.2 | 1357.3
       Dungeon | 100.0 | 100.0 |   0.5 |   1.6 |   2.2 | 1357.3
               +-------+-------+-------+-------+-------+----------------------

Table legend:
 A = Kills in this place as a percentage of kills in entire the game.
 B = Kills by you in this place as a percentage of kills by you in the entire game.
 C = Kills by friends in this place as a percentage of kills by friends in the entire game.
 D = Other kills in this place as a percentage of other kills in the entire game.
 E = Experience gained in this place as a percentage of experience gained in the entire game.
 F = Experience gained in this place divided by the number of levels of this place that you have seen.
                   A       B       C       D       E      F
               +-------+-------+-------+-------+-------+----------------------
         Total | 100.0 | 100.0 |  -nan |  -nan | 100.0 |  49.7
       Dungeon | 100.0 | 100.0 |  -nan |  -nan | 100.0 |  49.7
               +-------+-------+-------+-------+-------+----------------------

Vanquished Creatures
  A worker ant (D:3)
  A gnoll (D:1)
  2 adders (D:3)
  A ball python (D:1)
  5 bats
  6 hobgoblins
  7 jackals (D:1)
  A quokka (D:2)
  4 giant cockroaches
  3 giant newts
  7 goblins
  7 kobolds
  9 rats
54 creatures vanquished.

Notes
Turn   | Place    | Note
--------------------------------------------------------------
     0 | D:1      | gw the Naga Fighter began the quest for the Orb.
     0 | D:1      | Reached XP level 1. HP: 21/21 MP: 1/1
   495 | D:1      | Reached XP level 2. HP: 28/28 MP: 2/2
   765 | D:1      | Reached XP level 3. HP: 9/34 MP: 3/3
  2568 | D:2      | Reached XP level 4. HP: 40/42 MP: 4/4
  2729 | D:3      | Reached skill level 1 in Throwing
  2872 | D:3      | Found a burning altar of Makhleb.
  2934 | D:3      | Became a worshipper of Makhleb the Destroyer
  2965 | D:3      | Noticed Citrus's ghost (amateur TrMo)
  2994 | D:3      | Slain by an adder

Action                   |  1- 3 |  4- 6 || total
-------------------------+-------+-------++-------
Melee: Flail             |   177 |    58 ||   235
Throw: Stone             |    59 |    12 ||    71
 Abil: Spit Poison       |     2 |     8 ||    10
  Use: Potion            |     1 |       ||     1
  Eat: Chunk             |     3 |     2 ||     5

Vault maps used:
D:1:      minmay_arrival_cross, roderic_lattice_a
D:2:      first_bread
D:3:      tgw_sif, lemuel_crystal_altar, led_xom_imps,
          gammafunk_temple_overflow_forgotten, hangedman_decor_diamond_cutter,
          uniq_purgy, uniq_grinder
